Map: Ley Lines

Players

MaxPax - Winner!

  • Race: Protoss Protoss
  • Spawn Location: 7:00

ByuN

  • Race: Terran Terran
  • League: Diamond
  • Spawn Location: 1:00

VOD

Have the link to the VOD?

Description

Time

  • Played on: June 17, 2025, 9:09 p.m.
  • Length: 6:16
Show
View Real Time Build Order
Export as new Build Order

MaxPax Protoss - Winner!

Build Orders: 1 Gate Expand, Blink Stalkers 

Get SALT Encoding   

  12  0:00  Probe  
  13  0:12  Probe  
  14  0:17  Pylon  
  14  0:23  Probe  
  15  0:31  Probe  
  16  0:36  Gateway  
  16  0:39  Probe  
  16  0:45  Assimilator  
  17  0:51  Probe  
  18  1:03  Probe  
  19  1:15  Probe  
  20  1:22  Cybernetics Core  
  20  1:30  Nexus  
  20  1:34  Probe  
  20  1:39  Pylon  
  21  1:46  Probe  
  21  1:48  Assimilator, Adept  
  21  1:58  Probe  
  21  2:00  Warp Gate  
  24  2:11  Adept  
  24  2:12  Probe  
  27  2:24  Probe  
  28  2:31  Twilight Council  
  28  2:36  Probe  
  29  2:39  Stalker  
  31  2:45  Probe  
  31  2:47  Blink  
  31  2:51  Probe  
  31  2:57  Probe  
  32  3:03  Probe  
  33  3:09  Probe  
  34  3:15  Probe  
  34  3:21  Probe  
  35  3:27  Probe  
  35  3:32  Gateway  
  36  3:34  Probe  
  36  3:39  Probe  
  38  3:46  Probe  
  38  3:48  Robotics Facility  
  39  3:50  Stalker  
  39  3:53  Probe  
  42  4:00  Probe  
  43  4:03  Pylon  
  43  4:05  Probe  
  42  4:10  Gateway  
  42  4:12  Probe  
  42  4:16  Stalker  
  45  4:17  Probe  
  46  4:24  Probe  
  46  4:29  Stalker, Probe  
  50  4:35  Warp Prism  
  51  4:42  Stalker  
  51  4:53  Stalker  
  53  5:04  Probe  
  53  5:05  Nexus  
  54  5:08  Pylon  
  54  5:12  Assimilator  
  54  5:13  Pylon  
  54  5:20  Pylon  
  54  5:26  Probe x2  
  56  5:28  Observer  
  56  5:33  Stalker x3  
  63  5:38  Probe x2  
  65  5:42  Forge  
  65  5:50  Observer, Probe  
  65  5:55  Shield Battery  
  67  5:59  Stalker x3  
  67  6:01  Probe  
Show
View Real Time Build Order
Export as new Build Order

ByuN Terran 

Build Orders: Cyclone Opening 

Get SALT Encoding   

  12  0:00  SCV  
  13  0:12  SCV  
  14  0:18  Supply Depot  
  14  0:24  SCV  
  15  0:40  Barracks  
  15  0:41  SCV  
  16  0:46  Refinery  
  16  0:53  SCV  
  16  0:56  Refinery  
  17  1:05  SCV  
  18  1:17  SCV  
  19  1:27  Reaper  
  19  1:29  Orbital Command  
  20  1:47  Factory  
  20  1:55  SCV  
  20  1:58  Supply Depot  
  20  1:59  Reaper  
  22  2:07  SCV  
  23  2:20  SCV  
  24  2:29  Command Center  
  24  2:30  Factory Tech Lab  
  24  2:32  SCV  
  25  2:44  SCV  
  25  2:49  Cyclone  
  29  2:52  Supply Depot  
  29  2:56  SCV  
  30  3:00  Starport  
  29  3:09  SCV  
  29  3:21  Cyclone, SCV  
  33  3:33  SCV  
  34  3:45  SCV  
  34  3:48  Medivac  
  37  3:57  SCV, Command Center  
  37  3:58  Barracks Reactor  
  38  4:09  SCV  
  38  4:11  Siege Tank  
  38  4:13  Barracks  
  41  4:21  SCV  
  41  4:22  Starport Tech Lab  
  41  4:24  Orbital Command  
  41  4:33  SCV, Bunker  
  41  4:35  Marine x2  
  44  4:46  SCV, Siege Tank  
  44  4:51  SCV  
  48  4:54  Banshee  
  48  4:58  SCV  
  52  5:01  Marine  
  52  5:03  SCV  
  52  5:04  Marine  
  52  5:07  Marine  
  47  5:10  SCV  
  47  5:11  Refinery  
  49  5:17  SCV  
  49  5:18  SCV  
  49  5:20  Marine  
  52  5:22  Marine  
  52  5:25  Supply Depot  
  52  5:28  SCV  
  54  5:30  SCV  
  54  5:32  Supply Depot  
  54  5:35  Barracks, Siege Tank  
  58  5:37  SCV  
  58  5:39  Marine  
  58  5:40  SCV  
  58  5:42  Marine  
  61  5:52  SCV x2, Marine  
  61  5:56  SCV, Marine  
  62  6:04  SCV x2  
Tags
 
Add a new tag
Caveats
  • Supply blocks, unpowered buildings, or Contaminate may cause inaccurate times.
  • Supply counts are checked every 10 seconds.